 Dungeon Crawl Stone Soup version 0.31-a0-4-gefa6de2278 (webtiles) character file.

Game seed: 6288881531430980418

70 NinjaNoafa the Chiller (level 4, -7/30 HPs)
             Began as a Human Ice Elementalist on May 3, 2023.
             Mangled by an ogre
             ... wielding a +0 giant club
              (11 damage)
             ... on level 2 of the Dungeon.
             The game lasted 00:03:05 (1183 turns).

NinjaNoafa the Chiller (Human Ice Elementalist)     Turns: 1183, Time: 00:03:05

Health: -7/30      AC:  3    Str:  9    XL:     4   Next: 44%
Magic:  0/8        EV: 12    Int: 17    God:
Gold:   54         SH:  0    Dex: 13    Spells: 2/9 levels left

rFire   . . .        a - +0 dagger (venom)
rCold   . . .        (no shield)
rNeg    . . .        d - +0 robe
rPois   .            (no helmet)
rElec   .            (no cloak)
rCorr   .            e - +0 pair of gloves
SInv    .            (no boots)
Will    .....        (no amulet)
Stlth   ++           (no ring)
HPRegen 0.25/turn    (no ring)
MPRegen 0.11/turn

%: no passive effects
@: no status effects
A: no striking features
a: no special abilities


You were on level 2 of the Dungeon.
You visited 1 branch of the dungeon, and saw 3 of its levels.

You collected 54 gold pieces.

Inventory:

Hand Weapons
 a - a +0 dagger of venom (weapon)
Armour
 d - a +0 robe (worn)
 e - a +0 pair of gloves (worn)
Jewellery
 i - a ring of fire
Scrolls
 c - a scroll of teleportation {unknown}
 f - a scroll of amnesia {unknown}
 g - a scroll of fear {unknown}
 j - a scroll of blinking {unknown}
 k - a scroll of poison {unknown}
 o - a scroll of vulnerability {unknown}
Potions
 b - a potion of magic
 h - a potion of berserk rage {unknown}
 l - a potion of curing {unknown}
 m - 2 potions of degeneration {unknown}
 n - a potion of might {unknown}


   Skills:
 - Level 2.0 Dodging
 - Level 2.0 Stealth
 + Level 3.1 Spellcasting
 + Level 4.9 Ice Magic


You had 2 spell levels left.
You knew the following spells:

 Your Spells              Type           Power      Damage    Failure   Level
a - Freeze                Ice            76%        1d8       2%          1
b - Frozen Ramparts       Ice            38%        1d6       7%          3
c - Ozocubu's Armour      Ice            19%        N/A       7%          3

Your spell library contained the following spells:

 Spells                   Type           Power      Damage    Failure   Level
 Cigotuvi's Dreadful Rot  Necr/Pois/Air  4%         N/A       26%         2
 Lesser Beckoning         Tloc           4%         N/A       26%         2
 Gell's Gravitas          Tloc           2%         N/A       45%         3
 Teleport Other           Tloc           2%         N/A       45%         3
 Summon Ice Beast         Ice/Summ       11%        N/A       54%         4
 Dispel Undead            Necr           2%         3d7       86%         4
 Death Channel            Necr           1%         N/A       100%        6


Dungeon Overview and Level Annotations

Branches:
Dungeon (3/15)

Altars:
Hepliaklqana


Message History

Confirm with . or Enter, or press ? or * to list all spells.
Casting: Frozen Ramparts (quite dangerous; 7% risk of failure)
Press: ? - help, Dir - look around, f - activate The walls around you are covered in ice.
The wall freezes the goblin.
The goblin hits you with a +0 club.
The wall freezes the ogre.
Casting: Frozen Ramparts (quite dangerous; 7% risk of failure)
Confirm with . or Enter, or press ? or * to list all spells.
A film of ice covers your body!
The wall freezes the goblin.
The goblin hits you but does no damage.
The wall freezes the ogre.
You hit the goblin.
You kill the goblin!
The wall freezes the ogre.
You freeze the ogre.
The ogre is moderately wounded.
The wall freezes the ogre.
The ogre hits you with a +0 giant club!
* * * LOW HITPOINT WARNING * * *
Unknown command.
Unknown command.
Unknown command.
You barely miss the ogre.
The ogre is heavily wounded.
The wall freezes the ogre but does no damage.
The ogre barely misses you.
Aiming: Freeze (safe; 2% risk of failure)
Press: ? - help, Q - select action, (/) - cycle Shift-Dir - straight line, f/p - ogre
Aim: an ogre, wielding a +0 giant club (heavily wounded)
You freeze the ogre.
The ogre is heavily wounded.
Unknown command.
Unknown command.
You hit the ogre.
The ogre is heavily wounded.
The frozen ramparts melt away.
The ogre hits you with a +0 giant club!
* * * LOW HITPOINT WARNING * * *
Unknown command.
Your icy armour will break if you move.
Continue?
Your icy armour cracks and falls away as you move.
The ogre attacks as you move away! The ogre hits you with a +0 giant club!
You die...

#..................#
#........######....#
#........# ##.####
########## ###..#
#...## . #.###
....######### #.#
......).....#########.#
###########)O@........#
#############


You could see an ogre.

Vanquished Creatures
  2 adders
  A gnoll (D:2)
  2 ball pythons (D:1)
  9 bats (D:1)
  6 endoplasms
  A giant cockroach (D:1)
  3 goblins
  3 hobgoblins (D:1)
  7 jackals (D:1)
  3 frilled lizards (D:1)
  3 rats
40 creatures vanquished.

Notes
Turn   | Place    | Note
-------+----------+-------------------------------------------
     0 | D:1      | NinjaNoafa the Human Ice Elementalist began the quest for
                  | the Orb.
     0 | D:1      | Reached XP level 1. HP: 13/13 MP: 3/3
    58 | D:1      | Found a faded altar of an unknown god.
   163 | D:1      | Reached XP level 2. HP: 12/19 MP: 1/5
   389 | D:1      | Reached XP level 3. HP: 14/24 MP: 4/6
   430 | D:1      | Learned a level 3 spell: Frozen Ramparts
   434 | D:1      | Learned a level 3 spell: Ozocubu's Armour
   838 | D:2      | You fall into a shaft and drop 1 floor!
   911 | D:2      | Reached XP level 4. HP: 4/30 MP: 0/8
  1094 | D:2      | Found a hazy altar of Hepliaklqana.
  1167 | D:2      | Noticed an ogre
  1183 | D:2      | Mangled by an ogre

Illustrated notes

Levels and vault maps discovered:
D:1:      dpeg_arrival_tiny_g, layout_loops_ring,
          hellmonk_ecumenical_altar_heavens_door
D:2:      layout_rooms, basic_altar, grunt_ministairs_14,
          uniq_crazy_yiuf_cottage
D:3:      layout_basic, mainiacjoe_overflow_six_doors_small,
          chequers_temple_overflow_statue_of_worship,
          nemelex_xobeh_ov_fountains_minmay, eat_drink_and_be_merry_uskayaw,
          grunt_decor_arrowhead

Skill      XL: |  1  2  3 |
---------------+----------+-----
Spellcasting   | 3 |  3.1
Dodging        | |  2.0
Stealth        | |  2.0
Ice Magic      | |  4.9

Action                     |  1- 3 |  4- 6 || total
---------------------------+-------+-------++-------
  Melee: Unarmed           |    22 |       ||    22
         Dagger            |    35 |     9 ||    44
   Cast: Freeze            |    25 |     8 ||    33
         Frozen Ramparts   |     6 |     2 ||     8
         Ozocubu's Armour  |       |     1 ||     1
   Stab: Sleeping          |     2 |       ||     2
 Armour: Robe              |    32 |     3 ||    35
  Dodge: Dodged            |   107 |     5 ||   112

Table legend: (Time is in decaauts)
 A = Elapsed time spent in this place.
 B = Non-inter-level travel time spent in this place.
 C = Inter-level travel time spent in this place.
 D = Time resting spent in this place.
 E = Time spent auto-exploring this place.
 F = Levels seen in this place.
 G = Mean time per level.
                   A        B        C        D        E       F      G
               +--------+--------+--------+--------+--------+-----+--------+
         Total |   1181 |   1147 |     34 |    177 |    564 |   3 |  393.7 |
       Dungeon |   1181 |   1147 |     34 |    177 |    564 |   3 |  393.7 |
               +--------+--------+--------+--------+--------+-----+--------+

Top non-repeatable levels by time:
     D:1: 831 daAuts
     D:2: 286 daAuts
     D:3: 63 daAuts
